Map: Dusk Towers

Players

LilDicky

  • Race: Zerg Zerg
  • League: Diamond

FrankLapidus - Winner!

  • Race: Terran Terran
  • League: Gold

VOD

http://www.twitch.tv/tumescentpie

Description

Time

  • Played on: Dec. 6, 2015, 1:12 p.m.
  • Length: 4:21
Show
View Real Time Build Order
Export as new Build Order

LilDicky Zerg 

Build Orders: Hatch First 

Get SALT Encoding   

  12  0:02  Drone  
  13  0:27  Drone  
  14  0:56  Hatchery  
  13  1:06  Hatchery  
  13  1:24  Hatchery  
  12  1:31  Spawning Pool  
  11  1:36  Drone, Extractor  
  11  1:38  Drone  
  12  1:49  Drone x2  
  14  2:17  Queen  
  17  2:34  Hatchery  
  16  2:40  Metabolic Boost  
  16  2:43  Queen  
  18  2:44  Drone  
  18  2:47  Drone  
  20  3:14  Drone, Overlord x2, Extractor  
  20  3:20  Extractor x2  
  20  3:22  Drone  
  20  3:23  Drone  
  22  3:43  Drone  
  22  3:48  Drone x6  
  24  3:49  Drone  
  30  4:00  Drone x3  
Show
View Real Time Build Order
Export as new Build Order

FrankLapidus Terran - Winner!

Build Orders:  

Get SALT Encoding   

  12  0:01  SCV  
  13  0:13  SCV  
  14  0:24  Supply Depot  
  14  0:25  SCV  
  15  0:45  SCV  
  15  0:47  Barracks  
  16  0:57  SCV  
  17  1:09  SCV  
  18  1:27  Command Center  
  18  1:32  Supply Depot  
  18  1:33  Marine  
  18  1:38  Barracks  
  19  1:51  Marine  
  19  1:52  Orbital Command  
  20  2:12  Marine  
  21  2:16  Barracks  
  21  2:21  SCV  
  22  2:29  Marine  
  23  2:33  SCV  
  24  2:42  Refinery  
  24  2:43  Marine  
  25  2:47  Marine  
  26  2:59  SCV  
  26  3:00  Marine, Orbital Command  
  26  3:05  Marine  
  29  3:11  SCV  
  30  3:13  Marine  
  30  3:18  Marine  
  32  3:22  Marine  
  32  3:26  SCV x2  
  35  3:31  Marine  
  35  3:34  Barracks  
  36  3:36  Marine  
  36  3:38  SCV  
  38  3:47  Barracks Tech Lab  
  38  3:49  SCV  
  38  3:50  SCV  
  38  3:55  Refinery  
  40  4:02  SCV x2, Marine  
  42  4:03  Marine  
Tags
 
Add a new tag
Caveats
  • Supply blocks, unpowered buildings, or Contaminate may cause inaccurate times.
  • Supply counts are checked every 10 seconds.